 Dungeon Crawl Stone Soup version 0.17-a0-848-g7e5c6af (webtiles) character file.

142 RobertPalmer the Cutter (level 5, -1/30 HPs)
             Began as a Kobold Hunter on Apr 28, 2015.
             Slain by an orc priest
             ... wielding a +0 club
              (4 damage)
             ... on level 3 of the Dungeon.
             The game lasted 00:03:01 (2516 turns).

RobertPalmer the Cutter (Kobold Hunter)             Turns: 2516, Time: 00:03:01

Health: -1/30      AC:  4    Str: 11    XL:     5   Next: 49%
Magic:  5/5        EV: 14    Int: 10    God:
Gold:   86         SH:  0    Dex: 16    Spells: 0 memorised, 4 levels left

rFire  . . .     SeeInvis .     a - +1 whip (venom)
rCold  . . .     Clarity  .     d - +0 leather armour
rNeg   . . .     SustAb   .     (shield restricted)
rPois  .         Gourm    .     (no helmet)
rElec  .         Spirit   .     (no cloak)
rCorr  .         Warding  .     i - +0 pair of gloves
rMut   .         Stasis   .     (no boots)
MR     .....                    (no amulet)
Stlth  ++........               (no ring)
                                (no ring)

@: not resistant to hostile enchantments, unstealthy
A: carnivore 3
a: no special abilities


You were on level 3 of the Dungeon.
You were full.

You visited 1 branch of the dungeon, and saw 3 of its levels.

You collected 86 gold pieces.

Inventory:

Hand weapons
 a - a +1 whip of venom (weapon)
   (You took it off a kobold on level 2 of the Dungeon)
 b - a +1 hand crossbow
Missiles
 c - 10 bolts
 l - a throwing net {=f, !d}
Armour
 d - a +0 leather armour (worn)
 i - a +0 pair of gloves (worn)
   (You found it on level 2 of the Dungeon)
Scrolls
 f - a scroll of remove curse {unknown}
 k - a scroll of amnesia {unknown}
Potions
 g - a potion of cancellation {unknown}
 h - a potion of brilliance
 j - 3 potions of curing {unknown}
Comestibles
 e - a meat ration {@e2}


   Skills:
 - Level 2.1 Fighting
   Level 5.1 Short Blades
 + Level 2.4 Maces & Flails
 - Level 4.8 Crossbows
 - Level 2.4 Dodging
 - Level 1.3 Stealth


You had 4 spell levels left.
You didn't know any spells.

Dungeon Overview and Level Annotations

Branches:
Dungeon (3/15)

Altars:
The Shining One

Annotations:
D:3 Natasha


Innate Abilities, Weirdness & Mutations

You are small and have problems with some larger weapons.
You are carnivorous and can eat meat at any time.


Message History

You climb downwards.
Level annotation: Natasha The orc barely misses you.
There is a stone staircase leading up here.
You hit the orc.
The orc is poisoned.
You kill the orc!
No target in view!
No target in view!
c - 18 bolts (gained 1)
c - 19 bolts (gained 1)
You see here a flail.
You now have 73 gold pieces (gained 10).
You see here a flail.
There is a stone staircase leading up here.
Found a stone staircase leading down.
You now have 86 gold pieces (gained 13).
An orc comes into view.
The orc shouts!
There is a stone staircase leading down here.
An orc is nearby!
An orc is nearby!
Your +1 whip of venom stops dripping with poison.
b - a +1 hand crossbow (weapon)
Aim: an orc, wearing a ring mail You shoot a bolt.
The bolt barely misses the orc.
An orc comes into view. It is wielding a short sword.
Aim: an orc, wearing a ring mail You shoot a bolt.
The orc shouts!
The bolt hits the orc!
You kill the orc!
An orc priest comes into view. It is wielding a club.
Aim: an orc, wielding a short sword and wearing a leather armour You shoot a bolt.
The bolt closely misses the orc.
The orc priest shouts!
Aim: an orc, wielding a short sword and wearing a leather armour You shoot a bolt.
The bolt hits the orc.
The orc priest mumbles some strange prayers to Beogh against you.
Something smites you!
You take 14 damage, and have 16/30 hp.
MASSIVE DAMAGE!!
Aim: an orc priest, wielding a club You shoot a bolt.
The bolt closely misses the orc.
The bolt hits the orc priest but does no damage.
The orc priest looks braver.
There is a stone staircase leading up here.
Aim: an orc, wielding a short sword and wearing a leather armour (moderately wounded)
You shoot a bolt. The bolt hits the orc.
Aim: an orc, wielding a short sword and wearing a leather armour (heavily wounded)
You shoot a bolt.
The bolt hits the orc but does no damage.
You climb upwards.
There is a stone staircase leading down here.
It begins to drip with poison!
a - a +1 whip of venom (weapon)
The orc hits you but does no damage.
You are too injured to fight recklessly!
You are too injured to fight recklessly!
You closely miss the orc. The orc misses you.
You hit the orc.
The orc is poisoned.
You kill the orc!
Things that are here:
a short sword; a leather armour You start resting.
Health restored: 30
There is a stone staircase leading down here.
You climb downwards.
Level annotation: Natasha
There is a stone staircase leading up here.
Your +1 whip of venom stops dripping with poison.
b - a +1 hand crossbow (weapon)
Aim: an orc priest, wielding a club You shoot a bolt.
The bolt closely misses the orc priest.
The orc priest mumbles some strange prayers to Beogh against you.
Something smites you!
You take 11 damage, and have 19/30 hp.
MASSIVE DAMAGE!!
Aim: an orc priest, wielding a club You shoot a bolt.
The bolt hits the orc priest but does no damage.
The orc priest calls down the wrath of Beogh upon you.
Something smites you!
* * * LOW HITPOINT WARNING * * *
You take 12 damage, and have 7/30 hp.
MASSIVE DAMAGE!!
It begins to drip with poison!
a - a +1 whip of venom (weapon)
You hit the orc priest.
The orc priest is poisoned.
The orc priest mumbles some strange prayers to Beogh against you.
Pain shoots through your body!
* * * LOW HITPOINT WARNING * * *
You take 4 damage, and have 3/30 hp.
You hit the orc priest but do no damage.
The orc priest looks even sicker.
The orc priest looks braver.
Unknown command.
You closely miss the orc priest. The orc priest misses you.
You closely miss the orc priest. The orc priest closely misses you.
You hit the orc priest. The orc priest hits you with a club.
You die...

# ####....#
######.##.....#
.(((o$..o.....#
########....#.#
##...#...#
$......#(###
####.#.#(..# #
.....#o#.#.#
###.#.#@....#
#...)...###
###.#.###
#.#)##### .
#.....# ..
#.###.# #.
#...# # #####


You could see an orc priest.

Vanquished Creatures
  An orc priest (D:2)
  5 gnolls
  3 adders (D:2)
  6 orcs
  4 hobgoblins
  7 kobolds
  A quokka (D:2)
  2 ball pythons
  2 bats (D:2)
  4 giant cockroaches
  A giant newt (D:2)
  3 goblins
  4 rats
43 creatures vanquished.

Notes
Turn   | Place    | Note
--------------------------------------------------------------
     0 | D:1      | RobertPalmer, the Kobold Hunter, began the quest for the Orb.
     0 | D:1      | Reached XP level 1. HP: 12/12 MP: 1/1
   176 | D:1      | Reached skill level 1 in Short Blades
   243 | D:1      | Reached skill level 2 in Short Blades
   243 | D:1      | Reached XP level 2. HP: 17/17 MP: 2/2
   488 | D:1      | Reached skill level 3 in Short Blades
   744 | D:1      | Reached XP level 3. HP: 21/21 MP: 3/3
  1062 | D:2      | Reached skill level 4 in Short Blades
  1065 | D:2      | Reached XP level 4. HP: 26/26 MP: 4/4
  1131 | D:2      | HP: 6/26 [poisoned by an adder]
  1139 | D:2      | HP: 5/26 [poisoned by an adder]
  1422 | D:2      | Found a glowing golden altar of the Shining One.
  1604 | D:2      | Reached skill level 5 in Short Blades
  1991 | D:3      | Noticed Natasha
  2006 | D:2      | Reached skill level 1 in Maces & Flails
  2201 | D:2      | Reached XP level 5. HP: 28/30 MP: 5/5
  2250 | D:2      | Reached skill level 2 in Maces & Flails
  2510 | D:3      | HP: 7/30 [orc priest/divine providence (12)]
  2512 | D:3      | HP: 3/30 [orc priest/nerve-wracking pain (4)]
  2516 | D:3      | Slain by an orc priest

Action                   |  1- 3 |  4- 6 || total
-------------------------+-------+-------++-------
Melee: Short sword       |    52 |    51 ||   103
       Whip              |       |    31 ||    31
 Fire: Hand crossbow     |     7 |    12 ||    19
  Use: Scroll            |     1 |       ||     1
 Stab: Sleeping          |     1 |       ||     1
  Eat: Meat ration       |       |     2 ||     2
       Chunk             |       |     2 ||     2

Vault maps used:
D:1:      dpeg_arrival_fog, hex_tiny, dk_noncrumbling_3, minivault_14
D:2:      nicolae_overflow_hidden_temple, kennysheep_flooded_box, hex_medium
D:3:      first_bread, uniq_crazy_yiuf_cottage, uniq_natasha

Table legend:
 A = Turns spent in this place as a percentage of turns spent in the entire game.
 B = Non-inter-level travel turns spent in this place as a percentage of non-inter-level travel turns spent in the entire game.
 C = Inter-level travel turns spent in this place as a percentage of turns spent in this place.
 D = Turns resting spent in this place as a percentage of non-inter-level travel turns spent in this place.
 E = Turns spent auto-exploring this place as a percentage of non-inter-level travel turns spent in this place.
 F = Non-inter-level travel turns spent in this place divided by the number of levels of this place that you've seen.
                   A       B       C       D       E      F
               +-------+-------+-------+-------+-------+----------------------
         Total | 100.0 | 100.0 |   0.6 |   4.4 |  10.7 | 174.7
       Dungeon | 100.0 | 100.0 |   0.6 |   4.4 |  10.7 | 174.7
               +-------+-------+-------+-------+-------+----------------------

Table legend:
 A = Kills in this place as a percentage of kills in entire the game.
 B = Kills by you in this place as a percentage of kills by you in the entire game.
 C = Kills by friends in this place as a percentage of kills by friends in the entire game.
 D = Other kills in this place as a percentage of other kills in the entire game.
 E = Experience gained in this place as a percentage of experience gained in the entire game.
 F = Experience gained in this place divided by the number of levels of this place that you have seen.
                   A       B       C       D       E      F
               +-------+-------+-------+-------+-------+----------------------
         Total | 100.0 | 100.0 |  -nan |  -nan | 100.0 |  67.7
       Dungeon | 100.0 | 100.0 |  -nan |  -nan | 100.0 |  67.7
               +-------+-------+-------+-------+-------+----------------------
